Map: Torches LE

Players

QWACIT

  • Race: Terran Terran
  • Spawn Location: 5:00

Kkikeur - Winner!

  • Race: Protoss Protoss
  • Spawn Location: 1:00

VOD

Have the link to the VOD?

Description

Time

  • Played on: July 19, 2025, 5:13 a.m.
  • Length: 18:20
Show
View Real Time Build Order
Export as new Build Order

QWACIT Terran 

Build Orders:  

Get SALT Encoding   

  12  0:11  Refinery  
  12  0:15  Refinery  
  12  0:18  SCV  
  13  0:42  Supply Depot  
  13  0:46  SCV  
  14  0:58  SCV  
  15  1:10  SCV  
  16  1:22  Barracks  
  16  1:27  Engineering Bay  
  16  1:47  SCV  
  17  1:58  Supply Depot  
  17  1:59  SCV  
  18  2:12  SCV  
  19  2:17  Bunker  
  19  2:25  Bunker  
  19  2:27  Marine  
  20  2:45  Marine  
  20  2:46  Terran Infantry Weapons Level 1  
  21  3:03  Marine  
  22  3:20  Marine  
  23  3:38  Marine  
  23  3:41  Missile Turret  
  24  3:56  Marine  
  25  4:14  Marine  
  26  4:31  Missile Turret  
  26  4:32  Marine  
  27  4:40  Sensor Tower  
  27  4:52  Supply Depot  
  27  5:03  Terran Infantry Armor Level 1  
  27  5:14  Ghost Academy  
  27  5:26  Factory  
  27  5:52  Missile Turret  
  27  6:16  Missile Turret  
  27  6:19  Missile Turret  
  27  6:33  Missile Turret  
  27  7:01  Missile Turret  
  27  7:08  Missile Turret  
  27  7:15  Missile Turret  
  27  7:22  Barracks Tech Lab  
  27  7:39  Factory Reactor  
  27  7:56  Armory  
  27  8:06  Starport  
  27  8:07  Personal Cloaking  
  27  8:09  Hi-Sec Auto Tracking  
  27  8:25  Supply Depot  
  27  8:31  Planetary Fortress  
  27  8:36  Combat Shield  
  27  9:06  Neosteel Armor  
  27  9:12  Starport Tech Lab  
  27  9:20  Supply Depot  
  27  9:34  Fusion Core  
  27  9:55  Stimpack  
  27  10:07  Hyperflight Rotors  
  27  10:13  Marauder  
  29  10:19  Command Center  
  29  10:34  Marauder  
  31  10:45  Terran Infantry Weapons Level 2  
  30  11:03  Marine  
  31  11:21  Marine  
  32  11:35  Concussive Shells  
  32  11:39  Marine  
  33  11:43  Weapon Refit  
  32  11:56  Marine  
  33  12:09  Interference Matrix  
  22  13:01  Terran Infantry Armor Level 2  
  22  13:05  Cloaking Field  
  16  13:16  Caduceus Reactor  
  16  13:37  Marauder  
  18  13:59  Marauder  
    16:57  SCV  
  1  17:09  SCV  
  2  17:17  Refinery  
  2  17:21  SCV  
  3  17:27  Refinery  
  3  17:34  SCV  
  4  17:46  SCV  
Show
View Real Time Build Order
Export as new Build Order

Kkikeur Protoss - Winner!

Build Orders: Phoenix Opening 

Get SALT Encoding   

  12  0:00  Probe  
  13  0:17  Pylon  
  13  0:18  Probe  
  14  0:33  Probe  
  15  0:40  Gateway  
  15  0:43  Probe  
  16  0:51  Probe  
  17  1:00  Assimilator  
  17  1:07  Probe  
  18  1:19  Probe  
  19  1:31  Probe  
  20  1:34  Cybernetics Core  
  20  1:44  Probe  
  21  1:51  Nexus  
  21  1:55  Pylon  
  21  1:56  Probe  
  22  2:03  Adept  
  22  2:08  Probe  
  22  2:10  Warp Gate  
  25  2:26  Pylon  
  25  2:27  Probe  
  26  2:32  Adept  
  28  2:39  Probe  
  29  2:51  Probe  
  30  3:00  Assimilator  
  30  3:03  Probe  
  30  3:04  Probe  
  32  3:09  Stargate  
  32  3:15  Probe  
  32  3:16  Probe  
  34  3:28  Probe  
  34  3:30  Probe  
  36  3:40  Probe  
  37  3:42  Probe  
  37  3:48  Gateway  
  38  3:54  Phoenix  
  40  4:12  Twilight Council  
  40  4:36  Gateway  
  40  4:46  Robotics Facility  
  40  4:54  Phoenix  
  42  5:20  Probe x2  
  42  5:56  Phoenix  
  44  6:02  Pylon  
  44  6:08  Probe x2  
  46  6:13  Assimilator  
  46  6:14  Pylon  
  46  6:15  Stalker  
  46  6:16  Stalker x2  
  52  6:20  Probe  
  52  6:21  Phoenix  
  52  6:22  Immortal  
  60  6:25  Probe  
  60  6:32  Probe  
  61  6:37  Probe  
  62  6:44  Probe  
  63  6:54  Phoenix  
  63  6:58  Blink  
  65  7:04  Stalker x2  
  69  7:10  Pylon  
  69  7:28  Phoenix  
  71  7:53  Phoenix  
  73  8:05  Stalker x2  
  77  8:16  Nexus  
  77  8:27  Pylon  
  77  8:28  Probe  
  78  8:37  Assimilator  
  78  8:45  Probe x2  
  80  8:52  Pylon  
  80  8:57  Probe  
  80  9:02  Pylon  
  82  9:10  Probe  
  82  9:23  Probe x2  
  84  9:34  Pylon  
  84  9:35  Probe x2  
  86  9:54  Gateway  
  86  9:56  Gateway x2  
  86  9:57  Gateway  
  86  9:58  Gateway  
  86  10:09  Robotics Bay  
  86  10:22  Forge  
  86  10:30  Protoss Air Weapons Level 1  
  86  10:41  Assimilator  
  86  10:45  Assimilator  
  86  11:03  Stalker x2  
  90  11:04  Stalker  
  90  11:05  Stalker  
  90  11:06  Stalker  
  90  11:07  Stalker  
  90  11:09  Stalker x2  
  102  11:26  Phoenix, Pylon  
  102  11:30  Colossus  
  110  11:50  Phoenix  
  112  12:23  Colossus  
  86  13:37  Stalker x3  
  86  13:38  Stalker  
  94  13:54  Stalker x2  
  94  13:55  Stalker x2  
  106  14:18  Void Ray  
  106  14:49  Stalker  
  106  14:50  Stalker x4  
  106  14:51  Stalker x2  
  106  14:52  Stalker  
  116  15:01  Void Ray  
  98  15:37  Stalker x5  
  98  15:38  Stalker x2  
  116  15:44  Void Ray  
  106  16:27  Void Ray  
  106  16:48  Zealot  
  106  16:49  Zealot x3  
  106  16:50  Zealot  
  106  16:51  Zealot x2  
  106  16:52  Zealot  
  126  17:10  Void Ray  
Tags
 
Add a new tag
Caveats
  • Supply blocks, unpowered buildings, or Contaminate may cause inaccurate times.
  • Supply counts are checked every 10 seconds.